 Dungeon Crawl Stone Soup version 0.27-a0-1325-g58a489ad9e (webtiles) character file.

Game seed: 4378793324739015215

62 MacCMillion the Stinger (level 3, -1/26 HPs)
             Began as a Draconian Venom Mage on June 24, 2021.
             Slain by a gnoll (12 damage)
             ... on level 2 of the Dungeon.
             The game lasted 00:09:15 (1941 turns).

MacCMillion the Stinger (Draconian Venom Mage)      Turns: 1941, Time: 00:09:15

Health: -1/26      AC:  5    Str: 10    XL:     3   Next: 85%
Magic:  2/6        EV: 12    Int: 16    God:
Gold:   121        SH:  0    Dex: 11    Spells: 0/6 levels left

rFire    . . .     SeeInvis .   b - +0 dagger
rCold    . . .     Faith    .   (no shield)
rNeg     . . .     Spirit   .   (armour unavailable)
rPois    .         Reflect  .   (helmet restricted)
rElec    .         Harm     .   (no cloak)
rCorr    .         Rampage  .   (no gloves)
Will     .....                  (no boots)
Stlth    ++........             (no amulet)
HPRegen  0.08/turn              g - ring of flight
MPRegen  0.10/turn              (no ring)

@: flying
A: AC +5, unfitting armour, cold-blooded
a: no special abilities


You were on level 2 of the Dungeon.
You visited 1 branch of the dungeon, and saw 2 of its levels.

You collected 121 gold pieces.

Inventory:

Hand Weapons
 b - a +0 dagger (weapon)
Jewellery
 g - a ring of flight (left hand)
Potions
 c - a potion of heal wounds
 d - a potion of flight
 e - a potion of curing {unknown}
 f - a potion of resistance {unknown}
 h - a potion of might {unknown}


   Skills:
 - Level 1.7 Dodging
 - Level 1.7 Stealth
 - Level 2.0 Spellcasting
 + Level 2.7 Transmutations
 + Level 4.0 Poison Magic


You couldn't memorise any spells.
You knew the following spells:

 Your Spells              Type           Power      Damage    Failure   Level
a - Sting                 Tmut/Pois      48%        1d5       5%          1
b - Poisonous Vapours     Pois/Air       16%        N/A       14%         2
c - Ignite Poison         Fire/Tmut/Pois 8%         N/A       24%         3

Your spell library contained the following spells:

 Spells                   Type           Power      Damage    Failure   Level
 Mephitic Cloud           Conj/Pois/Air  5%         N/A       34%         3
 Olgreb's Toxic Radiance  Pois           14%        N/A       36%         4
 Confusing Touch          Hex            1%         N/A       52%         3
 Gell's Gravitas          Tloc           0%         N/A       52%         3
 Petrify                  Tmut/Erth      5%         N/A       75%         4
 Yara's Violent Unravell  Hex/Tmut       2%         3d3       97%         5
 Metabolic Englaciation   Hex/Ice        0%         N/A       99%         5


Dungeon Overview and Level Annotations

Branches:
Dungeon (2/15)

Altars:

Shops:
D:1 (


Innate Abilities, Weirdness & Mutations

Your plain brown scales are hard. (AC +5)
You cannot fit into any form of body armour.
You are cold-blooded and may be slowed by cold attacks.


Message History

The sting hits the gnoll but does no damage.
The gnoll is poisoned.
The gnoll hits you from afar with a +0 spear.
The gnoll hits you but does no damage.
You fly upwards.
There is a stone staircase leading down here.
You start resting.
Magic restored.
You start resting.
HP restored.
You fly downwards.
There is a stone staircase leading up here.
Casting: Sting (safe; 5% risk of failure)
Confirm with . or Enter, or press ? or * to list all spells.
Aiming: Poisonous Vapours (safe; 14% risk of failure)
Press: ? - help, Dir - move target, f - gnoll
Aim: a gnoll, wielding a +0 spear Poisonous vapours surround the gnoll!
The gnoll is poisoned.
Casting: Poisonous Vapours (safe; 14% risk of failure)
Confirm with . or Enter, or press ? or * to list all spells.
Aiming: Poisonous Vapours (safe; 14% risk of failure)
Press: ? - help, Dir - move target, f/p - gnoll
Aim: a gnoll, wielding a +0 spear (lightly wounded, poisoned) Poisonous vapours surround the gnoll!
The gnoll looks even sicker.
The sting misses the gnoll.
The sting hits the gnoll but does no damage.
The gnoll looks even sicker.
The gnoll is moderately wounded.
The gnoll hits you from afar with a +0 spear.
The gnoll hits you from afar with a +0 spear.
The gnoll hits you but does no damage.
A gnoll comes into view. It is wielding a +1 halberd of flaming.
The gnoll shouts!
You kill the gnoll!
Your Poison Magic skill increases to level 4!
The gnoll hits you from afar with a +1 halberd of flaming!
The gnoll burns you.
There is a stone staircase leading up here.
The gnoll hits you from afar with a +1 halberd of flaming!
You die...

####### #.....#############
#.#.#.#.#.#.#.#.#.##
#(.................#
#.#.#.#.#.#.#.#.#.##
.............)....#
##.#.#.#.#.#g#.#.## ..
#.........@....÷..#
..##.#.#.#.#.#.#.#.########
.##.....#########........#
.##....# ##.......#
......#.### ##.......#..
w...##.#.# ####...........
....##.#)########............#
.........).)†.g...##.#######.#
.....#.....########..#


You could see a gnoll.

Vanquished Creatures
  2 gnolls (D:2)
  2 dart slugs (D:1)
  4 ball pythons (D:1)
  2 bats
  4 endoplasms (D:1)
  2 giant cockroaches (D:1)
  5 goblins
  5 hobgoblins
  A quokka (D:1)
  3 kobolds
  4 rats (D:1)
34 creatures vanquished.

Notes
Turn   | Place    | Note
-------+----------+-------------------------------------------
     0 | D:1      | MacCMillion the Draconian Venom Mage began the quest for
                  | the Orb.
     0 | D:1      | Reached XP level 1. HP: 14/14 MP: 3/3
   252 | D:1      | Reached XP level 2. HP: 18/20 MP: 0/5
   371 | D:1      | Found Yri Zyep's Weapon Boutique.
   663 | D:1      | Found a faded altar of an unknown god.
   924 | D:1      | Reached XP level 3. HP: 26/26 MP: 2/6
  1713 | D:1      | Learned a level 2 spell: Poisonous Vapours
  1717 | D:1      | Learned a level 3 spell: Ignite Poison
  1936 | D:2      | Reached skill level 4 in Poison Magic
  1941 | D:2      | Slain by a gnoll

Illustrated notes

Levels and vault maps discovered:
D:1:      nzn_arrival_depleted_hourglass, layout_basic,
          chequers_ecumenical_altar_twisty, serial_shops, shop
D:2:      layout_rooms, hangedman_abyss_or_decor_stabs, st_stairs_12,
          kennysheep_path_1

Skill      XL: |  1  2  3 |
---------------+----------+-----
Transmutations | 2 |  2.7
Poison Magic   | 4 |  4.0
Dodging        | |  1.7
Stealth        | |  1.7
Spellcasting   | |  2.0

Action                   || total
-------------------------++-------
Melee: Dagger            ||     9
 Cast: Sting             ||    58
       Poisonous Vapours ||     2
  Use: Scroll            ||     2
Armor: Skin              ||     5
Dodge: Dodged            ||     8

Table legend: (Time is in decaauts)
 A = Elapsed time spent in this place.
 B = Non-inter-level travel time spent in this place.
 C = Inter-level travel time spent in this place.
 D = Time resting spent in this place.
 E = Time spent auto-exploring this place.
 F = Levels seen in this place.
 G = Mean time per level.
                   A        B        C        D        E       F      G
               +--------+--------+--------+--------+--------+-----+--------+
         Total |   1941 |   1902 |     39 |    373 |   1172 |   2 |  970.5 |
       Dungeon |   1941 |   1902 |     39 |    373 |   1172 |   2 |  970.5 |
               +--------+--------+--------+--------+--------+-----+--------+

Top non-repeatable levels by time:
     D:1: 1396 daAuts
     D:2: 545 daAuts
